 Dungeon Crawl Stone Soup version 0.28.0 (webtiles) character file.

Game seed: 5157967398342105656

2 SnakkuSnakku7 the Grave Robber (level 1, 0/13 HPs)
             Began as a Barachi Necromancer on Feb 14, 2022.
             Slain by a bat (1 damage)
             ... on level 1 of the Dungeon.
             The game lasted 00:00:44 (73 turns).

SnakkuSnakku7 the Grave Robber (Barachi Necromancer)  Turns: 73, Time: 00:00:45

Health: 0/13       AC:  2    Str:  9    XL:     1   Next: 40%
Magic:  0/3        EV: 12    Int: 15    God:
Gold:   0          SH:  0    Dex: 12    Spells: 3/4 levels left

rFire   . . .      SeeInvis .   (no weapon)
rCold   . . .      Faith    .   (no shield)
rNeg    . . .      Spirit   .   a - +0 robe
rPois   .          Reflect  .   (no helmet)
rElec   .          Harm     .   (no cloak)
rCorr   .          Rampage  .   (no gloves)
Will    .....                   (no boots)
Stlth   ++........              (no amulet)
HPRegen 0.04/turn               (no ring)
MPRegen 0.08/turn               (no ring)

@: unable to hop, slow
A: amphibious, slowness 1, strong legs 1, +LOS
a: Hop


You were on level 1 of the Dungeon.
You visited 1 branch of the dungeon, and saw 1 of its levels.

Inventory:

Armour
 a - a +0 robe (worn)


   Skills:
 - Level 2.1 Dodging
 - Level 1.7 Stealth
 - Level 2.1 Spellcasting
 + Level 3.7 Necromancy


You had 3 spell levels left.
You knew the following spells:

 Your Spells              Type           Power      Damage    Failure   Level
a - Pain                  Necr           48%        1d6       4%          1

Your spell library contained the following spells:

 Spells                   Type           Power      Damage    Failure   Level
 Animate Skeleton         Necr           24%        N/A       4%          1
 Vampiric Draining        Necr           12%        2d6       14%         3
 Animate Dead             Necr           6%         N/A       43%         4
 Agony                    Necr           12%        N/A       78%         5


Dungeon Overview and Level Annotations

Branches:
Dungeon (1/15)

Altars:


Innate Abilities, Weirdness & Mutations

You are amphibious.
You cover ground slowly.
You can hop short distances.
You have an extended range of vision and can be seen from far away.


Message History

Aiming: Pain (safe; 4% risk of failure)
Press: ? - help, Shift-Dir - straight line, f - bat
Aim: a bat (chance to affect: 81%)
The bat writhes in agony.
The bat hits you but does no damage. The bat hits you.
* * * LOW HITPOINT WARNING * * *
Unknown command.
Casting: Pain (safe; 4% risk of failure)
Confirm with . or Enter, or press ? or * to list all spells.
Aiming: Pain (safe; 4% risk of failure)
Press: ? - help, Shift-Dir - straight line, f/p - bat
Aim: a bat (moderately wounded, chance to affect: 81%)
The bat writhes in agony.
You kill the bat!
The bat hits you but does no damage.
Unknown command.
Casting: Pain (safe; 4% risk of failure)
Confirm with . or Enter, or press ? or * to list all spells.
Aiming: Pain (safe; 4% risk of failure)
Press: ? - help, Shift-Dir - straight line, f - bat
Aim: a bat (chance to affect: 81%)
You miscast Pain.
You are very lightly contaminated with residual magic.
Nothing appears to happen.
The bat barely misses you.
Unknown command.
You hit the bat but do no damage. The bat barely misses you.
You closely miss the bat. The bat misses you.
The bat hits you but does no damage. x2
The bat hits you.
* * * LOW HITPOINT WARNING * * *
The bat barely misses you.
You don't have enough magic to cast this spell.
Unknown command.
Hop to where?
Press: ? - help, Dir - move target, p - bat Boing!
Your magical contamination has completely faded away.
The bat barely misses you. The bat misses you. The bat hits you.
You die...

#. #.. .... #. #.##......
.( ##.####.#...##.####..
.........#..#...##.#
##.#............##..
#...............##.###
#.#)..#######...##...
#.##..##b.°##...##.#
#.....@b###.#...#..#
#.#...#.#8#.#....(.###.
##..#.#'#g#.†...†....
#..##..†##...##.###.
...###..#######...##...#
#.............<.....###
.....$...................
........................#
###############.###......


You could see 2 bats.

Vanquished Creatures
  A hobgoblin (D:1)
  A bat (D:1)
  A frilled lizard (D:1)
3 creatures vanquished.

Notes
Turn   | Place    | Note
-------+----------+-------------------------------------------
     0 | D:1      | SnakkuSnakku7 the Barachi Necromancer began the quest for
                  | the Orb.
     0 | D:1      | Reached XP level 1. HP: 13/13 MP: 3/3
    73 | D:1      | Slain by a bat

Illustrated notes

Levels and vault maps discovered:
D:1:      minmay_arrival_stone_box, layout_rooms,
          hellmonk_ecumenical_altar_lost_god, minmay_misc_feat_nine_boxes

Action                   || total
-------------------------++-------
Melee: Unarmed           ||     3
 Cast: Pain              ||     7
 Abil: Hop               ||     1
Armor: Robe              ||    13
Dodge: Dodged            ||    31
